 Dungeon Sprint DCSS version 0.31.0-9-g3a7656b989 (webtiles) character file.

Game seed: 10700938768875993074

19104 Heoruswealwe the Phalangite (level 12, -2/130 HPs)
             Began as a Minotaur Fighter on Feb 1, 2024.
             Was an Initiate of Gozag.
             Slain by a white very ugly thing (33 damage)
             ... in the Dungeon (Sprint IX: "|||||||||||||||||||||||||||||").
             The game lasted 00:22:36 (2300 turns).

Heoruswealwe the Phalangite (Minotaur Fighter)      Turns: 2300, Time: 00:22:41

Health: -2/130     AC: 19    Str: 26    XL:     12   Next: 33%
Magic:  11/11      EV: 11    Int:  5    God:    Gozag
Gold:   1221       SH:  0    Dex: 11    Spells: 11/11 levels left

rFire   . . .        b - +1 glaive (venom)
rCold   . . .        (shield currently unavailable)
rNeg    . . .        c - +0 storm dragon scales
rPois   .            (helmet restricted)
rElec   +            h - +0 cloak
rCorr   .            f - +0 pair of gloves
SInv    .            e - +0 pair of boots
Will    .....        i - amulet of the acrobat Stlth
                     k - +3 ring of strength
HPRegen 0.41/turn    j - +2 ring of evasion
MPRegen 0.12/turn

%: no teleportation, acrobat
@: gold aura
A: horns 2, retaliatory headbutt, deformed body, weak 1
a: Renounce Religion, Potion Petition, Call Merchant, Bribe Branch


You were in the Dungeon.
You worshipped Gozag.
Gozag was most pleased with you.
You visited 1 branch You collected 8503 gold pieces.
You spent 5067 gold pieces at shops.
You paid 2215 gold pieces to Gozag.

Inventory:

Hand Weapons
 a - a +0 trident
 b - a +1 glaive of venom (weapon)
 A - the +8 Vampire's Tooth {megavamp}
   (You bought it in a shop in the Dungeon)
Armour
 c - +0 storm dragon scales (worn)
 d - a +0 buckler
 e - a +0 pair of boots (worn)
 f - a +0 pair of gloves (worn)
 h - a +0 cloak (worn)
Jewellery
 i - an amulet of the acrobat (around neck)
 j - a +2 ring of evasion (right hand)
 k - a +3 ring of strength (left hand)
Wands
 m - a wand of iceblast (10)
 C - a wand of digging (6)
Scrolls
 o - 3 scrolls of blinking
 r - 7 scrolls of enchant weapon
 s - 4 scrolls of identify
Potions
 g - 6 potions of haste
 l - a potion of heal wounds
 n - 3 potions of might
 p - a potion of resistance
 t - 3 potions of berserk rage
 u - 4 potions of curing
 v - 2 potions of mutation
 z - a potion of cancellation
 B - a potion of ambrosia
Miscellaneous
 q - a phantom mirror
 w - a lightning rod (4/4)
 x - a phial of floods
 D - a condenser vane


   Skills:
 + Level 19.3 Fighting
 * Level 25.9 Polearms
 + Level 19.3 Armour
 - Level 3.6 Shields


You had 11 spell levels left.
You didn't know any spells.
Your spell library was empty.

Dungeon Overview and Level Annotations

Branches:
Dungeon (1/1)

Altars:
Cheibriados
Dithmenos
Elyvilon
Fedhas
Gozag
Hepliaklqana
Kikubaaqudgha
Makhleb
Nemelex Xobeh
Okawaru
Qazlal
Ru
Sif Muna
Trog
Uskayaw
Vehumet
Wu Jian
Xom
Yredelemnul
Zin
The Shining One
Jiyva
Lugonu

Shops:
D *(*(:!

Annotations:
D Erica


Innate Abilities, Weirdness & Mutations

You have a pair of horns on your head.
You reflexively headbutt those who attack you in melee.
Armour fits poorly on your strangely shaped body.
You are weak. (Str -2)


Message History

You furiously retaliate!
You headbutt the stone giant!
A tengu warrior comes into view. It is wielding a +0 great mace.
The tengu warrior shouts!
You hit the stone giant. You headbutt the stone giant.
The stone giant is severely wounded.
The stone giant hits you!!
* * * LOW HITPOINT WARNING * * *
You feel much better. The stone giant hits you!!
* * * LOW HITPOINT WARNING * * *
You slash the stone giant!
The stone giant looks as sick as possible!
Your headbutt misses the stone giant.
The stone giant is almost dead.
You barely miss the stone giant.
The stone giant is almost dead.
The stone giant hits you!!
* * * LOW HITPOINT WARNING * * *
You feel much better. The stone giant barely misses you.
You hit the stone giant.
The stone giant looks as sick as possible!
You headbutt the stone giant!
You kill the stone giant!
You feel much better.
You slash the white very ugly thing!
The white very ugly thing is poisoned.
You headbutt the white very ugly thing!
The white very ugly thing is moderately wounded.
The white very ugly thing barely misses you.
You slash the white very ugly thing!
The white very ugly thing looks as sick as possible!
You headbutt the white very ugly thing.
The white very ugly thing is heavily wounded.
The white very ugly thing kicks you but does no damage.
You closely miss the white very ugly thing.
The white very ugly thing is heavily wounded.
The skeletal warrior is distracted by your dazzling golden aura.
The white very ugly thing kicks you!
* * * LOW HITPOINT WARNING * * *
The white very ugly thing freezes you!!
You die...
Your body crumbles into a pile of gold.

[[..'.[..........'.........'.....
▓▓▓▓▓▓▓▓▓▓▓▓▓▓▓▓▓▓▓▓▓▓▓▓▓▓▓▓▓▓▓▓▓
.................................
▓▓▓▓▓▓▓▓▓▓▓▓▓▓▓▓▓▓▓▓▓▓▓▓▓▓▓▓▓▓▓▓▓
'.∩.∩.∩.∩.∩.∩....![............).
▓▓▓▓▓▓▓▓▓▓▓▓▓▓▓▓▓▓▓▓▓▓▓▓▓▓▓▓▓▓▓▓▓
.).......).).....................
▓▓▓▓▓▓▓▓▓▓▓▓▓▓▓▓▓▓▓▓▓▓▓▓▓▓▓▓▓▓▓▓▓
+,,,,,Ql.QQlQzCu@........![[[[[[[
*******▓▓▓▓▓▓▓▓▓▓▓▓▓▓▓▓▓▓▓▓▓▓▓▓▓▓
,,,,,,,,,...........x...,,,,,,,,,
*********▓▓▓▓▓♣♣♣♣♣♣♣♣♣♣*********
,,,+,,,,,,,,,+,,,,,,,,,+,,,,,,,,,
*********************************
,,,,,,,,,,,,,,,,,,,,,,,,,,,,,,,,,
*********************************
+,,,,,,,,,,,,,,,,,,,,,+,,,,,,,,,,


You could see a white very ugly thing (extremely poisoned), a stone giant, a
skeletal warrior (unaware), 2 tengu warriors, a basilisk and a tengu conjurer.

Vanquished Creatures
  A stone giant (D)
  2 dire elephants (D)
  A catoblepas (D)
  A hydra (D)
  Erolcha (D)
  2 two-headed ogres (D)
  2 centaur warriors (D)
  2 deep elf pyromancers (D)
  An orc knight (D)
  An ugly thing (D)
  A cyclops (D)
  9 orc sorcerers (D)
  6 elephants (D)
  4 cane toads (D)
  A komodo dragon (D)
  Psyche (D)
  A troll (shapeshifter) (D)
  A dream sheep (D)
  2 blink frogs (D)
  A slime creature (D)
  A basilisk (D)
  A yak (D)
  2 vampire mosquitoes (D)
  Grum (D)
  5 water moccasins (D)
  11 orc warriors (D)
  3 wolves (D)
  A boggart (D)
  A centaur (D)
  A bullfrog (D)
  A howler monkey (D)
  A bombardier beetle (D)
  An orc priest (D)
  A hound (D)
  A jelly (D)
  A gnoll bouda (D)
  10 orc wizards (D)
  An adder (D)
  8 orcs (D)
  3 goblins (D)
  A quokka (D)
  A bat (D)
98 creatures vanquished.

Notes
Turn   | Place    | Note
-------+----------+-------------------------------------------
     0 | D        | Heoruswealwe the Minotaur Fighter began the quest for the
                  | Orb.
     0 | D        | Reached XP level 1. HP: 19/19 MP: 0/0
     7 | D        | Reached skill level 3 in Polearms
    24 | D        | Noticed a hound
    24 | D        | Noticed a bombardier beetle
    24 | D        | Noticed a jelly
    29 | D        | Reached skill level 4 in Polearms
    29 | D        | Reached XP level 2. HP: 28/28 MP: 1/1
    33 | D        | Reached skill level 5 in Fighting
    33 | D        | Reached skill level 6 in Polearms
    33 | D        | Reached skill level 5 in Armour
    33 | D        | Reached XP level 3. HP: 14/36 MP: 2/2
    39 | D        | Reached skill level 7 in Polearms
    39 | D        | Reached XP level 4. HP: 17/44 MP: 3/3
    42 | D        | Reached skill level 8 in Polearms
    48 | D        | Found a snail-covered altar of Cheibriados.
    48 | D        | Found a shadowy altar of Dithmenos.
    48 | D        | Found a white marble altar of Elyvilon.
    48 | D        | Found a blossoming altar of Fedhas.
    48 | D        | Found an opulent altar of Gozag.
    49 | D        | Found a hazy altar of Hepliaklqana.
    50 | D        | Found a viscous altar of Jiyva.
    51 | D        | Found an ancient bone altar of Kikubaaqudgha.
    52 | D        | Found a corrupted altar of Lugonu.
    53 | D        | Found a burning altar of Makhleb.
    54 | D        | Found a sparkling altar of Nemelex Xobeh.
    55 | D        | Found an iron altar of Okawaru.
    56 | D        | Became a worshipper of Gozag Ym Sagoz the Greedy
    57 | D        | Found a stormy altar of Qazlal.
    58 | D        | Found a sacrificial altar of Ru.
    59 | D        | Found a shimmering blue altar of Sif Muna.
    60 | D        | Found a bloodstained altar of Trog.
    61 | D        | Found a hide-covered altar of Uskayaw.
    62 | D        | Found a radiant altar of Vehumet.
    63 | D        | Found an ornate altar of the Wu Jian Council.
    64 | D        | Found a shimmering altar of Xom.
    65 | D        | Found a basalt altar of Yredelemnul.
    66 | D        | Found a glowing silver altar of Zin.
    67 | D        | Found a glowing golden altar of the Shining One.
   141 | D        | Noticed an orc warrior
   141 | D        | Noticed a two-headed ogre
   141 | D        | Noticed a two-headed ogre
   141 | D        | Noticed a centaur
   143 | D        | Killed a centaur
   144 | D        | Reached skill level 9 in Polearms
   144 | D        | Reached XP level 5. HP: 52/52 MP: 4/4
   149 | D        | Killed a two-headed ogre
   150 | D        | Reached skill level 10 in Fighting
   150 | D        | Reached skill level 14 in Polearms
   150 | D        | Reached skill level 10 in Armour
   150 | D        | Reached XP level 6. HP: 34/67 MP: 5/5
   150 | D        | Reached XP level 7. HP: 37/73 MP: 6/6
   159 | D        | Killed a two-headed ogre
   160 | D        | Reached skill level 15 in Polearms
   160 | D        | Reached XP level 8. HP: 45/83 MP: 7/7
   172 | D        | Reached skill level 16 in Polearms
   281 | D        | Noticed a green ugly thing
   281 | D        | Noticed a cyclops
   281 | D        | Noticed a centaur warrior
   281 | D        | Noticed a deep elf pyromancer
   292 | D        | Killed a centaur warrior
   293 | D        | Reached skill level 17 in Polearms
   293 | D        | Reached XP level 9. HP: 86/92 MP: 8/8
   295 | D        | Killed a deep elf pyromancer
   296 | D        | Reached skill level 18 in Polearms
   310 | D        | Killed a green ugly thing
   314 | D        | HP: 1/94 [cyclops/large rock (24)]
   319 | D        | HP: 1/94 [cyclops (11)]
   322 | D        | Killed a cyclops
   323 | D        | Reached skill level 19 in Polearms
   696 | D        | Noticed a cane toad
   707 | D        | Reached XP level 10. HP: 87/104 MP: 9/9
   712 | D        | Killed a cane toad
   721 | D        | Reached skill level 20 in Polearms
   770 | D        | Noticed a six-headed hydra
   770 | D        | Noticed a cane toad
   772 | D        | Reached skill level 15 in Fighting
   772 | D        | Reached skill level 15 in Armour
   774 | D        | Noticed a cane toad
   776 | D        | Killed an eight-headed hydra
   777 | D        | Killed a cane toad
   778 | D        | Noticed a cane toad
   785 | D        | Reached skill level 21 in Polearms
   786 | D        | Killed a cane toad
   792 | D        | Killed a cane toad
   825 | D        | Noticed an elephant
   825 | D        | Noticed an elephant
   825 | D        | Noticed a dire elephant
   825 | D        | Noticed an elephant
   825 | D        | Noticed a dire elephant
   825 | D        | Noticed an elephant
   836 | D        | Killed a dire elephant
   837 | D        | Reached XP level 11. HP: 58/114 MP: 10/10
   840 | D        | Reached skill level 22 in Polearms
   908 | D        | Killed a dire elephant
  1142 | D        | Reached skill level 23 in Polearms
  1401 | D        | Noticed an orc knight
  1429 | D        | Killed an orc knight
  1676 | D        | Found Jobrynt's Distillery.
  1676 | D        | Noticed an orc sorcerer
  1676 | D        | Noticed an orc sorcerer
  1676 | D        | Noticed an orc sorcerer
  1678 | D        | Killed an orc sorcerer
  1684 | D        | Killed an orc sorcerer
  1686 | D        | Noticed an orc sorcerer
  1687 | D        | Killed an orc sorcerer
  1688 | D        | Reached skill level 24 in Polearms
  1700 | D        | Killed an orc sorcerer
  1707 | D        | Found Taumn's Distillery.
  1709 | D        | Noticed an orc sorcerer
  1721 | D        | Killed an orc sorcerer
  1727 | D        | Found Zititso's Book Boutique.
  1731 | D        | Found Ahem's Antique Weapon Shop.
  1734 | D        | Noticed an orc sorcerer
  1735 | D        | Noticed an orc sorcerer
  1735 | D        | Noticed an orc sorcerer
  1751 | D        | Killed an orc sorcerer
  1761 | D        | Killed an orc sorcerer
  1781 | D        | Killed an orc sorcerer
  1791 | D        | Noticed an orc sorcerer
  1801 | D        | Noticed a sixfirhy
  1802 | D        | Gained mutation: Armour fits poorly on your strangely
                  | shaped body. [a neqoxec]
  1804 | D        | Gained mutation: You are weak. (Str -2) [a neqoxec]
  1816 | D        | Paralysed by an orc sorcerer for 3 turns
  1821 | D        | Killed an orc sorcerer
  1822 | D        | Reached XP level 12. HP: 104/128 MP: 4/11
  1878 | D        | Bought a potion of heal wounds for 65 gold pieces
  1878 | D        | Bought a potion of haste for 130 gold pieces
  1878 | D        | Bought a potion of might for 52 gold pieces
  1878 | D        | Bought a potion of mutation for 104 gold pieces
  1878 | D        | Bought a potion of curing for 39 gold pieces
  1878 | D        | Bought a potion of haste for 130 gold pieces
  1878 | D        | Bought a potion of heal wounds for 65 gold pieces
  1878 | D        | Bought a potion of attraction for 39 gold pieces
  1880 | D        | Bought 2 potions of curing for 60 gold pieces
  1880 | D        | Bought a potion of haste for 100 gold pieces
  1880 | D        | Bought a potion of berserk rage for 50 gold pieces
  1880 | D        | Bought a potion of might for 40 gold pieces
  1880 | D        | Bought 2 potions of degeneration for 20 gold pieces
  1880 | D        | Bought 2 potions of haste for 200 gold pieces
  1880 | D        | Bought a potion of cancellation for 80 gold pieces
  1915 | D        | Bought a lightning rod (4/4) for 480 gold pieces
  1915 | D        | Bought a phial of floods for 480 gold pieces
  1915 | D        | Bought 2 potions of lignification for 72 gold pieces
  1915 | D        | Bought a scroll of enchant weapon for 90 gold pieces
  1945 | D        | Bought the +8 Vampire's Tooth {megavamp} for 960 gold
                  | pieces
  1945 | D        | Found the +8 Vampire's Tooth {megavamp}
  1950 | D        | Bought a scroll of identify for 66 gold pieces
  1950 | D        | Bought a scroll labelled OKHEOZ POEGID for 33 gold pieces
  1950 | D        | Bought a scroll of identify for 66 gold pieces
  1950 | D        | Bought a potion of heal wounds for 165 gold pieces
  1950 | D        | Bought an amethyst potion for 29 gold pieces
  1950 | D        | Bought a blackened copper wand for 132 gold pieces
  1950 | D        | Bought a condenser vane for 1320 gold pieces
  1979 | D        | Noticed Grum
  1979 | D        | Noticed Psyche
  1979 | D        | Noticed a catoblepas
  1979 | D        | Noticed a centaur warrior
  1979 | D        | Noticed Erica
  2007 | D        | Noticed Erolcha
  2020 | D        | Killed Erolcha
  2021 | D        | Reached skill level 25 in Polearms
  2038 | D        | Killed Grum
  2044 | D        | Killed Psyche
  2240 | D        | Killed a centaur warrior
  2253 | D        | Noticed a tengu warrior
  2256 | D        | Noticed a stone giant
  2261 | D        | Noticed a stone giant
  2270 | D        | Noticed a white very ugly thing
  2275 | D        | Killed a catoblepas
  2290 | D        | Noticed a tengu warrior
  2296 | D        | Killed a stone giant
  2300 | D        | Slain by a white very ugly thing

Illustrated notes

Levels and vault maps discovered:
D:        linesprint [early_d, line_temple, items_1, d_10, items_2, lair_1,
          lair_end, items_3, orc_1, orc_end, items_4, d_15, swamp_1, shoals_1,
          snake_1, spider_1, d_20, vaults_1, items_5, swamp_end, shoals_end,
          snake_end, spider_end, vaults_end, d_27, items_6, zot_1, zot_end,
          crypt_end, forest_end, elf_end, slime_end, tomb_end, abyss_end,
          pan_hell_end]

Skill      XL: |  1  2  3  4  5  6  7  8  9 10 11 12 |
---------------+-------------------------------------+-----
Polearms       | 4 6 7 9 14 15 17 19 21 24 25 | 25.9
Fighting       | 4 5 6 7 10 11 12 14 16 18 19 | 19.3
Armour         | 4 5 6 7 10 11 12 14 16 18 19 | 19.3
Shields        | |  3.6

Action                     |  1- 3 |  4- 6 |  7- 9 | 10-12 || total
---------------------------+-------+-------+-------+-------++-------
  Melee: Trident           |    28 |     3 |       |       ||    31
         Headbutt          |     2 |     3 |    12 |    55 ||    72
         Halberd           |       |     8 |    63 |   109 ||   180
         Glaive            |       |       |       |   122 ||   122
 Invoke: Call Merchant     |       |       |       |     3 ||     3
    Use: Potion            |       |       |     8 |     9 ||    17
         Scroll            |       |       |       |     4 ||     4
   Stab: Distracted        |       |       |       |     2 ||     2
         Petrifying        |       |       |       |     2 ||     2
         Petrified         |       |       |       |     1 ||     1
 Armour: Scale mail        |    14 |     1 |       |       ||    15
         Chain mail        |       |     6 |    22 |    66 ||    94
         Plate armour      |       |       |       |    30 ||    30
         Storm dragon scal |       |       |       |    49 ||    49
  Dodge: Dodged            |     6 |     5 |    24 |    66 ||   101
  Block: Buckler           |     3 |     1 |       |       ||     4
